 Dungeon Crawl Stone Soup version 0.24-a0-307-gf989941 (webtiles) character file.

Game seed: 4527980051054541152

32 Iscandelvey the Vexing (level 3, 26/26 HPs)
             Began as a Demonspawn Arcane Marksman on May 12, 2019.
             Quit the game on level 2 of the Dungeon.
             The game lasted 00:00:25 (352 turns).

Iscandelvey the Vexing (Demonspawn Arcane Marksman)  Turns: 352, Time: 00:00:26

Health: 26/26      AC:  4    Str: 10    XL:     3   Next: 8%
Magic:  4/4        EV: 12    Int: 15    God:
Gold:   28         SH:  0    Dex: 13    Spells: 3/4 levels left

rFire    . . .     SeeInvis .   a - +0 hand crossbow
rCold    . . .     Gourm    .   (no shield)
rNeg     . . .     Faith    .   e - +0 robe
rPois    .         Spirit   +   (no helmet)
rElec    .         Reflect  .   (no cloak)
rCorr    .         Harm     .   (no gloves)
MR       .....                  (no boots)
Stlth    +.........             (no amulet)
HPRegen  0.08/turn              (no ring)
MPRegen  0.09/turn              (no ring)

@: no status effects
A: slimy green scales 1, magic shield
a: no special abilities


You were on level 2 of the Dungeon.
You were not hungry.

You visited 1 branch of the dungeon, and saw 2 of its levels.

You collected 28 gold pieces.

Inventory:

Hand Weapons
 a - a +0 hand crossbow (weapon)
Missiles
 d - 14 bolts (quivered)
Armour
 e - a +0 robe (worn)
Scrolls
 b - a scroll of remove curse {unknown}
Comestibles
 f - a ration


   Skills:
 + Level 1.4 Fighting
 + Level 2.1 Crossbows
 + Level 2.0 Dodging
 + Level 1.0 Spellcasting
 + Level 3.6 Hexes


You had 3 spell levels left.
You knew the following spells:

 Your Spells              Type           Power        Failure   Level  Hunger
a - Corona                Hex            ##.....      5%          1    ##.....

Your spell library contained the following spells:

 Spells                   Type           Power        Failure   Level  Hunger
 Slow                     Hex            ##......     9%          2    ###....
 Inner Flame              Hex/Fire       #.......     34%         3    ####...
 Portal Projectile        Hex/Tloc       #.....       34%         3    ####...
 Cause Fear               Hex            ##........   47%         4    #####..
 Leda's Liquefaction      Hex/Erth       #.........   75%         4    #####..


Dungeon Overview and Level Annotations

Branches:
Dungeon (1/15)

Altars:


Innate Abilities, Weirdness & Mutations

You are partially covered in slimy green scales. (AC +2)
When hurt, damage is shared between your health and your magic reserves.


Message History

Natasha is severely wounded.
Natasha drinks a potion.
Natasha suddenly seems more agile.
Natasha is nearby!
Firing (i - inventory)
d - 15 bolts (quivered)
Press: ? - help, Shift-Dir - straight line, f/p - Natasha
Aim: Natasha (severely wounded, unusually agile)
You shoot a bolt. The bolt hits Natasha!
You kill Natasha!
Natasha screams in fury as she dies!
Your Crossbows skill increases to level 2!
Your Dodging skill increases to level 2!
You have reached level 2!
Your demonic ancestry asserts itself...
You feel your magical essence form a protective shroud around your flesh.
You have reached level 3!
Your experience leads to an increase in your attributes!
Increase (S)trength, (I)ntelligence, or (D)exterity?
You feel clever.
Your demonic ancestry asserts itself...
Slimy green scales grow over part of your body.
Are you sure you want to abandon this character and quit the game? (Confirm with "yes".)

####
..##########
#.##.......#
####.##.#####.#
#.......#
#.##.##.#
#@##.#
#....((....#
####..(........
##.##..##### #.
..# #. #..# #
..# .?#


There were no monsters in sight!

Vanquished Creatures
  Natasha (D:2)
  A ball python (D:1)
  3 goblins (D:1)
  A hobgoblin (D:1)
  A frilled lizard (D:1)
  A rat (D:1)
8 creatures vanquished.

Notes
Turn   | Place    | Note
-------+----------+-------------------------------------------
     0 | D:1      | Iscandelvey the Demonspawn Arcane Marksman began the quest
                  | for the Orb.
     0 | D:1      | Reached XP level 1. HP: 15/15 MP: 2/2
   342 | D:1      | You fall through a shaft!
   349 | D:2      | Noticed Natasha
   351 | D:2      | Killed Natasha
   351 | D:2      | Gained mutation: When hurt, damage is shared between your
                  | health and your magic reserves. [demonic ancestry]
   351 | D:2      | Reached XP level 2. HP: 21/21 MP: 3/3
   351 | D:2      | Gained mutation: You are partially covered in slimy green
                  | scales. (AC +2) [demonic ancestry]
   351 | D:2      | Reached XP level 3. HP: 26/26 MP: 4/4
   352 | D:2      | Quit the game

Levels and vault maps discovered:
D:1:      lightli_molten_gateway, layout_rooms, hangedman_feature_mirror
D:2:      layout_loops_cross, nicolae_ru_the_path_less_chosen, uniq_robin,
          uniq_natasha

Skill      XL: |  1 |
---------------+----+-----
Crossbows      | 2 |  2.1
Dodging        | 2 |  2.0
Fighting       | |  1.4
Spellcasting   | |  1.0
Hexes          | |  3.6

Action                   || total
-------------------------++-------
 Fire: Hand crossbow     ||    26
Armor: Robe              ||     2
Dodge: Dodged            ||     7

Table legend:
 A = Non-vault XP
 B = Vault XP
 C = Vault XP percentage of total XP
 D = Non-vault monster count
 E = Vault monster count
 F = Vault count percentage of total count
                 A         B        C        D         E       F
            +---------+---------+-------+---------+---------+-------
      Total |      10 |      36 |  78.3 |       6 |       2 |  25.0
            +---------+---------+-------+---------+---------+-------
        D:1 |      10 |       1 |   9.1 |       6 |       1 |  14.3
        D:2 |       0 |      35 | 100.0 |       0 |       1 | 100.0
            +---------+---------+-------+---------+---------+-------
